AoeStats
← Spaceglider

Four Lakes

508532625Analyzed
1v1 RM · 10d ago on Sep 22, 2026· 34m 59s· 2 players
Game mode
Random Map
Map size
Tiny (2 player)
Population
200
Speed
Normal
Resources
Standard
Victory
Conquest
Starting age
Dark Age
Ending age
Imperial Age
RankedLock teamsTeams togetherTeam positionsShared explorationLock speedFull tech treeHidden civsTurbo modeCheats
Victory
Defeat
🇺🇸 Bohemians · United States
1517
+13
🇹🇷 Random · Türkiye
1446
-13
Spaceglider
7:09 Loom
9:23 Feudal Age
18:06 Castle Age
16:44 Fletching
18:15 Crossbowman
18:41 Double-Bit Axe
18:59 Bodkin Arrow
26:34 Medium Warships
26:28 Padded Archer Armor
26:15 Double-Bit Axe
26:13 Horse Collar
28:59 Wheelbarrow
29:55 Fervor
30:07 Sanctity
34:51 Imperial Age
32:26 Town Watch
32:57 Hand Cart
34:49 Sanctity
34:46 Bow Saw
34:36 Heavy Plow
BarBaroS
11:23 Feudal Age
11:30 Man-at-Arms
12:15 Arson
12:27 Loom
13:17 Double-Bit Axe
13:14 Horse Collar
16:50 Fletching
17:38 Padded Archer Armor
21:49 Castle Age
24:33 Wheelbarrow
23:41 Elite Skirmisher
28:47 Long Swordsman
29:12 Gambesons
33:20 Bodkin Arrow
Connection lost

Rejoining the realm…

Still unreachable

The connection could not be restored.

Session expired

The server has moved on; the page needs a fresh start.